woodfighter, chaotic female human Priestess -.- |@d |?d woodfighter the Acolyte Experience level: 5 Strength: 15 Dexterity: 13 Constitution: 12 Intelligence: 18 Wisdom: 9 Charisma: 9 Health: 0(35) Energy: 46(46) Def: 6 Gold: 586 Moves: 2157 Dungeon seed: bSjIdjFG9r_K4hqs Game ID: woodfighter_1578190919 Your Inventory: Coins $ - 586 gold pieces Weapons a - a blessed +1 mace (weapon in hand) Armor e - a +0 robe (being worn) n - a blessed +0 small shield (being worn) y - a +0 orcish helm (being worn) E - a +0 dwarvish cloak N - a +0 dwarvish cloak Y - a +0 pair of iron shoes (being worn) Comestibles c - 3 cloves of garlic d - a sprig of wolfsbane j - a lembas wafer k - 3 tripe rations o - 2 food rations q - a magic bean r - 2 lichen corpses v - a cream pie Scrolls m - a scroll of enchant weapon u - a scroll of magic mapping D - a scroll of light Spellbooks g - a spellbook of light h - a spellbook of create monster i - a spellbook of protection Potions b - 2 potions of holy water Rings l - a ring of conflict Wands f - a wand of cancellation (0:1) p - a wand of enlightenment (0:12) s - a wand of enlightenment (0:15) C - a wand of enlightenment (0:15) Tools B - a brass lantern (0:1057) Gems A - a worthless piece of orange glass Spells and supernatural/magical abilities: Name Level Category Fail Memory l - light 1 divination 0% 90% p - protection 1 clerical 0% 90% O - create monster 2 clerical 0% 90% W - pray for help -- divine ? -- X - turn undead -- divine ? -- Your skills at the end: Miscellaneous Skills shield [Basic] wands [Basic] Weapon Skills mace [Skilled] Spellcasting Skills clerical spells [Basic] Final Attributes: You were piously aligned. Your writing hand was ok. You were somewhat stealthy. You are dead. Vanquished creatures: a ghost a small mimic a gnome lord a kitten 2 dwarves 4 hill orcs a large kobold 4 geckos a brown mold 15 jackals a kobold 6 newts 4 grid bugs 6 lichens 48 creatures vanquished. Voluntary challenges: You were not invisible. You did not have reflection. You were not displaced. You were an atheist. You used a wielded weapon 65 times, starting on turn 64. You did not use tools. You did not use plumbed fixtures. You did not drink any magical draughts. You were illiterate. You never genocided any monsters. You never polymorphed an object. You never changed form. You used no wishes. You never split a pudding. You never wrote Elbereth's name. You never violated your personal moral code. Dungeon overview: The Dungeons of Doom: levels 1 to 6 Level 1 a long staircase Level 2 (vault) a fountain stairs to The Gnomish Mines Level 3 (vault) an armor shop Level 4 Level 5 ( ) a fountain Level 6 <- You were here The Gnomish Mines: Level 3 stairs to The Dungeons of Doom History has recorded: On T:1 you entered the Dungeons of Doom to retrieve the Amulet of Yendor! On T:27 you reached level 2 of The Dungeons of Doom. On T:527 you reached level 1 of The Gnomish Mines. On T:626 you advanced to experience level 2. On T:654 you reached level 3 of The Dungeons of Doom. On T:726 you reached level 4 of The Dungeons of Doom. On T:865 you advanced to experience level 3. On T:1015 you advanced to experience level 4. On T:1363 you reached level 5 of The Dungeons of Doom. On T:1686 you reached level 6 of The Dungeons of Doom. On T:1702 you advanced to experience level 5. Score breakdown: Gold: 586 ( 58 points) Experience: 5 levels ( 400 points) Exploration: 6 levels ( 150 points) Discoveries: 9 items ( 450 points) Variety of kills: 14 monsters ( 700 points) Major goal: (nothing yet) ( 0 points) Survival: died (score multiplied by 3) Total score: 5274 Latest messages: The winter wolf cub bites! (2x) You hit the winter wolf cub! The winter wolf cub bites! (2x) You named this level: . You finish searching. (5x) The blast of frost hits the winter wolf cub. The blast of frost hits you! The blast of frost bounces! The blast of frost hits you! The winter wolf cub bites! (2x) You named this level: . You hear water falling on coins. You finish searching. The winter wolf cub bites! (2x) You hit the winter wolf cub! The blast of frost hits the winter wolf cub. The blast of frost hits you! One of your potions of holy water freezes and shatters! Your purple-red potion freezes and shatters! Your milky potion freezes and shatters! The blast of frost bounces! The blast of frost hits you! One of your potions of holy water freezes and shatters! Your golden potion freezes and shatters! The blast of frost hits the winter wolf cub. The winter wolf cub bites! (2x) You die... Final status: Goodbye woodfighter the Priestess, killed by a winter wolf cub... You died in The Dungeons of Doom on dungeon level 6 with 5274 points, and 586 pieces of gold, after 2157 moves. You were level 5 with a maximum of 35 hit points when you died.